 Dungeon Crawl Stone Soup version 0.17.0-18-gaab0e96 (webtiles) character file.

261 JudasIscariot the Bolt Thrower (level 5, 0/44 HPs)
             Began as a Centaur Hunter on Nov 11, 2015.
             Killed from afar by an orc wizard (8 damage)
             ... with a puff of frost
             ... on level 3 of the Dungeon.
             The game lasted 00:13:34 (3586 turns).

JudasIscariot the Bolt Thrower (Centaur Hunter)     Turns: 3586, Time: 00:13:34

Health: 0/44       AC:  9    Str: 15    XL:     5   Next: 96%
Magic:  5/5        EV:  8    Int: 10    God:
Gold:   234        SH:  0    Dex: 10    Spells: 0 memorised, 4 levels left

rFire  . . .     SeeInvis .     u - +0 mace (crush)
rCold  . . .     Clarity  .     p - +0 ring mail
rNeg   + . .     SustAt   .     (no shield)
rPois  .         Gourm    .     o - +1 helmet
rElec  .         Spirit   .     q - +0 cloak
rCorr  .         Warding  .     (no gloves)
rMut   .         Stasis   .     (no barding)
MR     .....                    (no amulet)
Stlth  ..........               (no ring)
                                n - ring of positive energy

@: very quick, not resistant to hostile enchantments, extremely unstealthy
A: hooves 3, deformed body, speed 2, tough skin 3
a: no special abilities


You were on level 3 of the Dungeon.
You were not hungry.

You visited 1 branch of the dungeon, and saw 4 of its levels.

You collected 234 gold pieces.

Inventory:

Hand Weapons
 a - a +1 hand crossbow
 u - a +0 mace of crushing (weapon)
Armour
 d - a +0 leather armour
 o - a +1 helmet (worn)
 p - a +0 ring mail (worn)
 q - a +0 cloak (worn)
Magical Staves
 f - an uncursed staff of wizardry
Jewellery
 n - a ring of positive energy (left hand)
 x - an uncursed ring of positive energy
Wands
 c - a wand of fire (11)
 C - a wand of draining (2)
Scrolls
 g - a scroll of fear
 m - a scroll of teleportation
 v - 2 scrolls of enchant armour
Potions
 j - 2 potions of agility {unknown}
 k - 3 potions of flight
 l - 2 potions of lignification {unknown}
 t - a potion of heal wounds {unknown}
Comestibles
 e - 3 bread rations
 h - a slice of pizza
 r - 2 meat rations
 s - 2 chunks of flesh
 w - 5 fruits
 A - a royal jelly


   Skills:
 * Level 2.9 Fighting
 + Level 1.2 Maces & Flails
 * Level 6.2 Crossbows
 * Level 1.8 Armour
 + Level 1.9 Dodging
 + Level 0.6 Stealth


You had 4 spell levels left.
You didn't know any spells.

Dungeon Overview and Level Annotations

Branches:
Dungeon (4/15)
 Temple: D:4-7

Altars:

Annotations:
D:3 Sigmund


Innate Abilities, Weirdness & Mutations

You have hooves in place of feet.
Armour fits poorly on your strangely shaped body.
You cover ground very quickly.
You have extremely tough skin (AC +3).


Message History

* * * LOW HITPOINT WARNING * * *
You sock the orc!
You kill the orc!
Something hits you but does no damage.
Things that are here:
3 tomahawks; an orc corpse You barely miss something.
Your kick misses something.
Something hits you but does no damage. x2
You hit something but do no damage.
You hear some strange, mumbled words.
A magic dart appears from out of thin air!
The magic dart hits you!
* * * LOW HITPOINT WARNING * * *
Something hits you but does no damage.
You hit something. Your kick misses something.
Something hits you but does no damage.
You hear some strange, mumbled words.
A puff of frost appears from out of thin air!
The puff of frost hits you!
You die...

#>#
#.#######
#........
#.#######
#%# #.#
#.# #.#
#@# #{#
#o. #[#.
#.#.# .#.
# # #


You could see an orc.

Vanquished Creatures
  An orc priest (D:4)
  3 worker ants
  An orc wizard (D:4)
  Robin (D:4)
  A gnoll (D:3)
  2 adders (D:2)
  4 oozes
  3 worms
  2 giant geckos
  4 orcs
  5 bats
  2 giant cockroaches (D:1)
  9 hobgoblins
  3 jackals (D:3)
  4 kobolds
  2 quokkas
  A ball python (D:1)
  2 giant newts
  9 goblins
  17 rats
76 creatures vanquished.

Notes
Turn   | Place    | Note
--------------------------------------------------------------
     0 | D:1      | JudasIscariot the Centaur Hunter began the quest for the Orb.
     0 | D:1      | Reached XP level 1. HP: 17/17 MP: 1/1
    90 | D:1      | Reached XP level 2. HP: 22/24 MP: 2/2
   217 | D:1      | Reached skill level 5 in Crossbows
   957 | D:1      | Reached XP level 3. HP: 29/29 MP: 3/3
  1418 | D:2      | You fall through a shaft!
  2254 | D:2      | Reached XP level 4. HP: 33/36 MP: 4/4
  2543 | D:3      | Reached skill level 6 in Crossbows
  2688 | D:3      | Reached skill level 1 in Armour
  2909 | D:3      | Noticed Sigmund
  3079 | D:4      | Noticed Robin
  3105 | D:4      | Reached XP level 5. HP: 28/42 MP: 5/5
  3115 | D:4      | Killed Robin
  3402 | D:4      | Reached skill level 1 in Maces & Flails
  3586 | D:3      | Killed from afar by an orc wizard

Action                   |  1- 3 |  4- 6 || total
-------------------------+-------+-------++-------
Melee: Mace              |    24 |   130 ||   154
       Hand crossbow     |     2 |       ||     2
 Fire: Hand crossbow     |    73 |    11 ||    84
  Use: Potion            |       |     4 ||     4
       Scroll            |       |     7 ||     7
  Eat: Chunk             |     2 |     3 ||     5
       Fruit             |       |     1 ||     1
